 Dungeon Crawl Stone Soup version 0.26-a0-597-gb535b0901c (webtiles) character file.

Game seed: 4794439634854063281

70 Alarkh the Insei (level 4, 28/33 HPs)
             Began as a Demonspawn Gladiator on Sept 10, 2020.
             Got out of the dungeon alive.
             The game lasted 00:01:53 (2419 turns).

Alarkh the Insei (Demonspawn Gladiator)             Turns: 2419, Time: 00:01:53

Health: 28/33      AC:  4    Str: 14    XL:     4   Next: 4%
Magic:  4/4        EV: 12    Int: 10    God:
Gold:   67         SH:  0    Dex: 15    Spells: 3/3 levels left

rFire    . . .     SeeInvis .     - Unarmed
rCold    . . .     Faith    .   (no shield)
rNeg     . . .     Spirit   .   a - +0 leather armour
rPois    .         Reflect  .   b - +0 helmet
rElec    .         Harm     .   (no cloak)
rCorr    .                      (no gloves)
MR       .....                  (no boots)
Stlth    ++........             (no amulet)
HPRegen  0.11/turn              i - ring of stealth
MPRegen  0.09/turn              (no ring)

@: no status effects
A: claws 1, demonic guardian 1
a: no special abilities


You escaped.
You visited 1 branch of the dungeon, and saw 3 of its levels.

You collected 67 gold pieces.

Inventory:

Missiles
 c - 3 throwing nets (quivered)
Armour
 a - a +0 leather armour (worn)
 b - a +0 helmet (worn)
Jewellery
 i - a ring of stealth (left claw)
Scrolls
 d - 4 scrolls of identify {unknown}
 e - a scroll of amnesia {unknown}
 f - 2 scrolls of teleportation {unknown}
 g - a scroll of enchant armour {unknown}
 j - 4 scrolls of remove curse {unknown}
Potions
 h - a potion of invisibility
 k - a potion of cancellation {unknown}
 l - a potion of degeneration {unknown}
 m - a potion of curing {unknown}


   Skills:
 - Level 2.0 Fighting
 - Level 1.7 Throwing
 - Level 2.6 Dodging
 + Level 4.5 Unarmed Combat


You had 3 spell levels left.
You didn't know any spells.
Your spell library was empty.

Dungeon Overview and Level Annotations

Branches:
Dungeon (3/15)

Altars:


Innate Abilities, Weirdness & Mutations

You have sharp fingernails.
A weak demonic guardian rushes to your aid.


Message History

You claw the worm!
The worm is almost dead.
You completely miss the worm.
The worm is almost dead.
The worm barely misses you.
You claw the worm!
You kill the worm!
You have reached level 4!
You feel agile.
Your demonic ancestry asserts itself...
You feel the presence of a demonic guardian.
There is a stone staircase leading up here.
You climb upwards.
There is a stone staircase leading down here.
There is an open door here.
HP restored.
There is an open door here.
There is an open door here.
There is a staircase leading out of the dungeon here.
Are you sure you want to leave the Dungeon?
This will make you lose the game!
You have escaped!

..##....#################....#.##
#......## ###.......### ##......(
###...## ##...........## ##.....#
......# ##....##'##....## #..####
......# #...####.####...# #..# #
.....####..##.......##..####.####
.....# #...#..#####..#...# #..#..
.....# #..##.##...##.##..# #....#
.....# #..##.##.@.##.##..# #...##
.....# #..##.##...##.##..# #..##
.....# #...#..##'##..#...# #..# #
...รท.####..##.......##..####.##
# ...#((# #...#########...# #..##
# ####..# ##....#####....##
#...### #..## ##...........##
##....## #...## ###.......###
##.......
#....########.########......##


There were no monsters in sight!

Vanquished Creatures
  2 adders (D:2)
  2 worms (D:2)
  2 dart slugs
  A leopard gecko (D:1)
  A ball python (D:2)
  2 bats
  2 giant cockroaches (D:1)
  5 hobgoblins
  9 jackals
  4 kobolds
  A quokka (D:2)
  3 frilled lizards
  2 goblins (D:2)
  A rat (D:1)
37 creatures vanquished.

Notes
Turn   | Place    | Note
-------+----------+-------------------------------------------
     0 | D:1      | Alarkh the Demonspawn Gladiator began the quest for the
                  | Orb.
     0 | D:1      | Reached XP level 1. HP: 16/16 MP: 1/1
   120 | D:1      | Reached skill level 3 in Unarmed Combat
   309 | D:1      | Gained mutation: You have sharp fingernails. [demonic
                  | ancestry]
   309 | D:1      | Reached XP level 2. HP: 15/22 MP: 2/2
   365 | D:1      | HP: 1/22 [kobold/+0 dagger (4)]
   951 | D:2      | HP: 1/22 [ball python (1)]
  1203 | D:2      | Reached XP level 3. HP: 18/27 MP: 3/3
  1421 | D:2      | Reached skill level 4 in Unarmed Combat
  2358 | D:2      | Gained mutation: A weak demonic guardian rushes to your
                  | aid. [demonic ancestry]
  2358 | D:2      | Reached XP level 4. HP: 21/33 MP: 4/4
  2419 | D:$      | Got out of the dungeon alive.

Illustrated notes

Levels and vault maps discovered:
D:1:      dpeg_arrival_concentric_ovals, layout_rooms
D:2:      mumra_celtic_spiral_tile, layout_basic
D:3:      layout_rooms

Skill      XL: |  1  2  3 |
---------------+----------+-----
Unarmed Combat | 3 4 |  4.5
Fighting       | |  2.0
Throwing       | |  1.7
Dodging        | |  2.6

Action                   |  1- 3 |  4- 6 || total
-------------------------+-------+-------++-------
Melee: Unarmed           |   151 |       ||   151
       Punch             |     4 |       ||     4
  Use: Potion            |     1 |       ||     1
 Stab: Invisible         |     2 |       ||     2
       Sleeping          |     3 |       ||     3
Armor: Leather armour    |    44 |       ||    44
Dodge: Dodged            |   110 |       ||   110

Table legend: (Time is in decaauts)
 A = Elapsed time spent in this place.
 B = Non-inter-level travel time spent in this place.
 C = Inter-level travel time spent in this place.
 D = Time resting spent in this place.
 E = Time spent auto-exploring this place.
 F = Levels seen in this place.
 G = Mean time per level.
                   A        B        C        D        E       F      G
               +--------+--------+--------+--------+--------+-----+--------+
         Total |   2410 |   2313 |     97 |    683 |   1335 |   3 |  803.3 |
       Dungeon |   2410 |   2313 |     97 |    683 |   1335 |   3 |  803.3 |
               +--------+--------+--------+--------+--------+-----+--------+

Top non-repeatable levels by time:
     D:2: 1467 daAuts
     D:1: 930 daAuts
     D:3: 13 daAuts
